 Dungeon Crawl Stone Soup version 0.30-a0-916-g98134172ad (webtiles) character file.

Game seed: 715563257696126562

126 Aequonox the Sneak (level 4, -4/30 HPs)
             Began as a Vampire Enchanter on Mar 20, 2023.
             Was an Initiate of Dithmenos.
             Killed by divine providence
             ... invoked by an orc priest
              (14 damage)
             ... on level 4 of the Dungeon.
             The game lasted 00:04:44 (2569 turns).

Aequonox the Sneak (Vampire Enchanter)              Turns: 2569, Time: 00:04:45

Health: -4/30      AC:  5    Str:  7    XL:     4   Next: 84%
Magic:  8/8        EV: 12    Int: 23    God:    Dithmenos [......]
Gold:   111        SH:  0    Dex: 16    Spells: 2/8 levels left

rFire   . . .      SeeInvis +    a - +1 dagger
rCold   + . .      Faith    .    (no shield)
rNeg    . . .      Spirit   .    r - +2 leather armour {rC+}
rPois   .          Reflect  .    (no helmet)
rElec   .          Rampage  .    (no cloak)
rCorr   .                        (no gloves)
Will    .....                    (no boots)
Stlth   +++                      (no amulet)
HPRegen 0.45/turn                d - +6 ring of intelligence
MPRegen 0.11/turn                s - +4 ring of slaying

@: healing quickly
A: alive, fangs 3, see invisible, vampiric 2
a: Exsanguinate, Renounce Religion


You were on level 4 of the Dungeon.
You worshipped Dithmenos.
Dithmenos was noncommittal.
You visited 1 branch of the dungeon, and saw 4 of its levels.

You collected 111 gold pieces.

Inventory:

Hand Weapons
 a - a +1 dagger (weapon)
Missiles
 n - 3 atropa-tipped darts (quivered)
Armour
 b - a +0 robe
 p - a +1 chain mail of fire resistance
 r - a +2 leather armour of cold resistance (worn)
Jewellery
 d - a +6 ring of intelligence (left hand)
 o - a ring of fire
 s - a +4 ring of slaying (right hand)
Scrolls
 e - 3 scrolls of identify {unknown}
 g - a scroll of fog {unknown}
 h - a scroll of fear {unknown}
 j - a scroll of magic mapping {unknown}
 m - a scroll of teleportation {unknown}
 q - a scroll of vulnerability {unknown}
Potions
 c - a potion of invisibility
 f - 2 potions of attraction {unknown}
 i - a potion of curing {unknown}
 k - a potion of degeneration {unknown}
 l - 2 potions of heal wounds {unknown}


   Skills:
 + Level 0.2 Fighting
 + Level 2.3 Short Blades
 + Level 3.1 Dodging
 + Level 5.5 Stealth
 + Level 2.7 Spellcasting
 + Level 5.3 Hexes


You had 2 spell levels left.
You knew the following spells:

 Your Spells              Type           Power      Damage    Failure   Level
a - Confusing Touch       Hex            27%        N/A       6%          3
b - Tukima's Dance        Hex            27%        N/A       6%          3

Your spell library contained the following spells:

 Spells                   Type           Power      Damage    Failure   Level
 Ensorcelled Hibernation  Hex/Ice        30%        N/A       9%          2
 Dazzling Flash           Conj/Hex       30%        N/A       19%         3
 Spider Form              Tmut/Pois      3%         N/A       47%         3
 Anguish                  Hex/Necr       7%         N/A       52%         4


Dungeon Overview and Level Annotations

Branches:
Dungeon (4/15)
 Temple: D:4-7

Altars:
Dithmenos

Shops:
D:3 [


Innate Abilities, Weirdness & Mutations

Your natural rate of healing is accelerated.
You have razor-sharp teeth.
You have supernaturally acute eyesight. (SInv)
You are afflicted with vampirism and can become a bat while bloodless.


Message History

You hit the endoplasm.
The endoplasm is moderately wounded.
The endoplasm closely misses you.
You hit the endoplasm.
You kill the endoplasm!
Dithmenos accepts your kill.
The orc priest casts a cantrip, but nothing happens.
The orc priest hits you with a +0 hand axe.
You hit the orc priest.
You bite the orc priest, but do no damage.
The orc priest is lightly wounded.
The orc priest invokes the aid of Beogh against you.
Pain shoots through your body!
You hit the orc priest.
The orc priest is moderately wounded.
The orc priest hits you with a +0 hand axe.
You hit the orc priest but do no damage.
The orc priest is moderately wounded.
The orc priest calls down the wrath of Beogh upon you.
You barely resist. You hit the orc priest.
The orc priest is heavily wounded.
The orc priest closely misses you.
You hit the orc priest but do no damage.
The orc priest is heavily wounded.
You barely miss the orc priest.
The orc priest is heavily wounded.
The orc priest hits you with a +0 hand axe.
You hit the orc priest.
The orc priest is severely wounded.
The orc priest hits you with a +0 hand axe.
You hit the orc priest.
The orc priest is severely wounded.
The orc priest mumbles some strange prayers to Beogh against you.
You barely resist. You hit the orc priest.
The orc priest is almost dead.
The orc priest invokes the aid of Beogh against you.
Beogh smites you!
You die...

#......+
#......########+
#...............
#...............
#>..............
#............... ###
#...............
#...#####o....######+
........#@....#
........#.....#
#######'#.....#+
.......<..........
..................
...................
...................
...##+#############
...


You could see an orc priest.

Vanquished Creatures
  An iguana (D:3)
  3 adders
  A worm (D:2)
  A dart slug (D:2)
  5 orcs (D:3)
  4 bats
  4 endoplasms
  6 giant cockroaches
  4 goblins
  4 hobgoblins
  A jackal (D:2)
  4 quokkas
  7 ball pythons
  4 frilled lizards
  4 kobolds
  12 rats
65 creatures vanquished.

Notes
Turn   | Place    | Note
-------+----------+-------------------------------------------
     0 | D:1      | Aequonox the Vampire Enchanter began the quest for the Orb.
     0 | D:1      | Reached XP level 1. HP: 13/13 MP: 3/3
   218 | D:1      | Reached XP level 2. HP: 19/19 MP: 5/5
   904 | D:2      | Gained mutation: You are afflicted with vampirism and can
                  | become a bat while bloodless. [Vampire growth]
   904 | D:2      | Reached XP level 3. HP: 24/24 MP: 6/6
   943 | D:2      | Reached skill level 5 in Stealth
   990 | D:2      | Reached skill level 5 in Hexes
  1613 | D:2      | Learned a level 3 spell: Confusing Touch
  1617 | D:2      | Learned a level 3 spell: Tukima's Dance
  1690 | D:3      | Found a faded altar of an unknown god.
  1820 | D:3      | Reached XP level 4. HP: 30/30 MP: 7/7
  1971 | D:3      | Found Fumnysinab's Antique Armour Shoppe.
  1973 | D:3      | Found a shadowy altar of Dithmenos.
  2039 | D:3      | Became a worshipper of Dithmenos the Shadowed
  2569 | D:4      | Killed from afar by an orc priest

Illustrated notes

Levels and vault maps discovered:
D:1:      dpeg_arrival_yet_another_circle, layout_loops_corners
D:2:      minmay_chambers_of_twos, layout_basic
D:3:      layout_basic, nicolae_dithmenos_shadow_blocks, serial_shops, shop,
          serial_curves, eino_curves_03, eino_curves_02,
          ebering_ecumenical_altar_mist
D:4:      layout_gridville, xom_confusion_cloud, serial_shops,
          nicolae_shop_trees, minmay_misc_feat_pillars, uniq_eustachio,
          uniq_pikel

Skill      XL: |  1  2  3  4 |
---------------+-------------+-----
Stealth        | 5 |  5.5
Hexes          | 5 |  5.3
Short Blades   | 2 |  2.3
Dodging        | 3 |  3.1
Fighting       | |  0.2
Spellcasting   | |  2.7

Action                     |  1- 3 |  4- 6 || total
---------------------------+-------+-------++-------
  Melee: Dagger            |   158 |    64 ||   222
         Bite              |    13 |     7 ||    20
         Punch             |     2 |       ||     2
    Use: Potion            |       |     1 ||     1
   Stab: Sleeping          |    15 |     2 ||    17
         Invisible         |       |     1 ||     1
 Armour: Robe              |    19 |     5 ||    24
         Leather armour    |       |     4 ||     4
  Dodge: Dodged            |    83 |    35 ||   118

Table legend: (Time is in decaauts)
 A = Elapsed time spent in this place.
 B = Non-inter-level travel time spent in this place.
 C = Inter-level travel time spent in this place.
 D = Time resting spent in this place.
 E = Time spent auto-exploring this place.
 F = Levels seen in this place.
 G = Mean time per level.
                   A        B        C        D        E       F      G
               +--------+--------+--------+--------+--------+-----+--------+
         Total |   2548 |   2346 |    202 |     19 |   1747 |   4 |  637.0 |
       Dungeon |   2548 |   2346 |    202 |     19 |   1747 |   4 |  637.0 |
               +--------+--------+--------+--------+--------+-----+--------+

Top non-repeatable levels by time:
     D:3: 886 daAuts
     D:1: 837 daAuts
     D:2: 778 daAuts
     D:4: 45 daAuts
